 Dungeon Crawl Stone Soup version 0.27.1-4-g1640c2035a (webtiles) character file.

Game seed: 14674959412146488120

39 Gabide the Charlatan (level 3, 0/26 HPs)
             Began as a Human Artificer on Nov 3, 2021.
             Succumbed to an adder's poison
             ... on level 1 of the Dungeon on Nov 4, 2021.
             The game lasted 00:02:01 (2469 turns).

Gabide the Charlatan (Human Artificer)              Turns: 2469, Time: 00:02:02

Health: 0/26       AC:  4    Str: 12    XL:     3   Next: 70%
Magic:  3/3        EV: 11    Int: 11    God:
Gold:   166        SH:  0    Dex: 14    Spells: 2/2 levels left

rFire    . . .     SeeInvis .   a - +1 club
rCold    . . .     Faith    .   (no shield)
rNeg     . . .     Spirit   .   b - +0 leather armour
rPois    .         Reflect  .   (no helmet)
rElec    .         Harm     .   (no cloak)
rCorr    .         Rampage  .   g - +0 pair of gloves
Will     .....                  (no boots)
Stlth    +.........             (no amulet)
HPRegen  0.08/turn              (no ring)
MPRegen  0.08/turn              (no ring)

@: lethally poisoned (0 -> -2), flying
A: no striking features
a: no special abilities


You were on level 1 of the Dungeon.
You visited 1 branch of the dungeon, and saw 2 of its levels.

You collected 166 gold pieces.

Inventory:

Hand Weapons
 a - a +1 club (weapon)
Armour
 b - a +0 leather armour (worn)
 g - a +0 pair of gloves (worn)
Wands
 c - a wand of flame (3) (quivered)
 d - a wand of charming (15)
Miscellaneous
 e - a piece from Xom's chessboard (15/15)


   Skills:
 + Level 1.3 Fighting
 + Level 0.8 Maces & Flails
 + Level 2.4 Armour
 * Level 1.6 Dodging
 - Level 1.0 Stealth
 + Level 3.5 Evocations


You had 2 spell levels left.
You didn't know any spells.
Your spell library was empty.

Dungeon Overview and Level Annotations

Branches:
Dungeon (2/15)

Altars:


Message History

You are too injured to fight recklessly!
You are too injured to fight recklessly!
You are too injured to fight recklessly!
You are too injured to fight recklessly!
You are too injured to fight recklessly!
You are too injured to fight recklessly!
You are too injured to fight recklessly!
You are too injured to fight recklessly!
You are too injured to fight recklessly!
Aiming: Throw Flame
Press: ? - help, Q - select action, (/) - cycle Shift-Dir - straight line, f - adder
Aim: an adder (moderately wounded, 53% to hit)
The puff of flame hits the adder.
The adder is almost dead.
You feel sick. The adder bites you. x2
You are lethally poisoned!
The adder poisons you!
Aiming: Throw Flame
Press: ? - help, Q - select action, (/) - cycle Shift-Dir - straight line, f/p - adder
Aim: an adder (almost dead, 53% to hit)
The puff of flame hits the adder.
You kill the adder!
* * * LOW HITPOINT WARNING * * *
You feel very sick.
It was a potion of flight.
You feel very buoyant.
You fly up into the air.
* * * LOW HITPOINT WARNING * * *
You feel sick.
There is a lethal amount of poison in your body!
There is a lethal amount of poison in your body!
* * * LOW HITPOINT WARNING * * *
You feel sick.
* * * LOW HITPOINT WARNING * * *
You feel sick.
* * * LOW HITPOINT WARNING * * *
You feel sick.
* * * LOW HITPOINT WARNING * * *
You feel sick.
You die...

####.###########..#.###
########......# #............
#.............####.#######....
#.######.............# ##### #
#.####......#........# #.... #
#......####..........# #.###
#########...............# #.#
#..............##)......#####.#
.......##'#####.@.......+...#.#
#.##........# #.#.......###.#.#
#.##........# #)#.........>.#.###
#.##........###.#######.....#....
#.#.....#.#...#.# #.....#####
#.#.#####.#...#.# #.....#####
#.........#...#.# #..........
###.#######...#.# ###########
....# #...#.# #....


There were no monsters in sight!

Vanquished Creatures
  An adder (D:1)
  3 ball pythons (D:1)
  5 endoplasms (D:1)
  A giant cockroach (D:1)
  3 goblins (D:1)
  A hobgoblin (D:1)
  5 quokkas (D:1)
  A bat (D:1)
  3 kobolds (D:1)
  4 rats (D:1)
27 creatures vanquished.

Vanquished Creatures (others)
  6 toadstools (D:1)
6 creatures vanquished.

Grand Total: 33 creatures vanquished

Notes
Turn   | Place    | Note
-------+----------+-------------------------------------------
     0 | D:1      | Gabide the Human Artificer began the quest for the Orb.
     0 | D:1      | Reached XP level 1. HP: 15/15 MP: 1/1
   479 | D:1      | Reached XP level 2. HP: 9/21 MP: 2/2
  1298 | D:1      | Reached XP level 3. HP: 12/26 MP: 3/3
  1583 | D:1      | Found a faded altar of an unknown god.
  2468 | D:1      | HP: 1/26 [poisoned by an adder]
  2469 | D:1      | Succumbed to an adder's poison

Illustrated notes

Levels and vault maps discovered:
D:1:      eino_arrival_tree_alley, layout_basic, basic_ecumenical_altar,
          minmay_gold_behind_fungi
D:2:      layout_basic, minmay_shallow_snake_nest, uniq_jessica

Action                   || total
-------------------------++-------
Melee: Club              ||   116
Evoke: Wand              ||    12
  Use: Scroll            ||     2
       Potion            ||     1
 Stab: Sleeping          ||     2
Armor: Leather armour    ||    43
Dodge: Dodged            ||    95
